 Dungeon Crawl Stone Soup version 0.21-a0-496-g696f58f (webtiles) character file.

59264 Gorglomux the Formicid Aeon (level 15, 0/113 HPs)
             Began as a Formicid Skald on Nov 22, 2017.
             Was the Champion of Cheibriados.
             Slain by a brown ugly thing (6 damage)
             ... on level 14 of the Dungeon on Nov 23, 2017.
             The game lasted 00:51:12 (26051 turns).

Gorglomux the Formicid Aeon (Formicid Skald)       Turns: 26051, Time: 00:51:12

Health: 0/113      AC: 14    Str: 34    XL:     15   Next: 33%
Magic:  11/28      EV: 18    Int: 31    God:    Cheibriados [******]
Gold:   1114       SH: 20    Dex: 34    Spells: 18/32 levels left

rFire    . . .     SeeInvis +   a - +0 battleaxe
rCold    + . .     Gourm    .   b - +2 shield
rNeg     + . .     Faith    .   H - +0 chain mail {rN+}
rPois    .         Spirit   .   (helmet unavailable)
rElec    .         Reflect  +   (no cloak)
rCorr    .         Harm     .   S - +2 pair of gloves
MR       ++...                  (no boots)
Stlth    ..........             i - +3 amulet of reflection
HPRegen  0.28/turn              h - ring of Emuxtim {rC+ MR+ Dex+3 SInv}
MPRegen  0.21/turn              q - +6 ring of dexterity

@: singing, very slow
A: permanent stasis, dig shafts and tunnels, four strong arms, antennae 3
a: Dig, Shaft Self, Bend Time, Temporal Distortion, Slouch, Step From Time,
Renounce Religion


You were on level 14 of the Dungeon.
You worshipped Cheibriados.
Cheibriados was exalted by your worship.
You were hungry.

You visited 2 branches of the dungeon, and saw 20 of its levels.
You also visited: Sewer.

You collected 1294 gold pieces.
You spent 180 gold pieces at shops.

Inventory:

Hand Weapons
 a - a +0 battleaxe (weapon)
 u - a +2 morningstar of protection
 Y - a +0 longbow
Missiles
 p - 12 javelins (quivered)
 F - 360 arrows
 Z - a throwing net
Armour
 b - a +2 shield (worn)
 H - a +0 chain mail of positive energy (worn)
 O - a +0 shield
 S - a +2 pair of gloves (worn)
Jewellery
 g - an uncursed ring of resist corrosion
 h - the ring of Emuxtim (left hand) {rC+ MR+ Dex+3 SInv}
   (You found it on level 5 of the Lair of Beasts)

   [ring of protection from cold]

   It affects your dexterity (+3).
   It protects you from cold.
   It affects your resistance to hostile enchantments.
   It lets you see invisible.
 i - a +3 amulet of reflection (around neck)
 l - an uncursed ring of flight
 q - a +6 ring of dexterity (right hand)
 V - an uncursed ring of wizardry
Wands
 y - a wand of disintegration (7)
 A - a wand of acid (8)
 E - a wand of enslavement (8)
 I - a wand of iceblast (4)
 P - a wand of paralysis (15)
 T - a wand of flame (28)
Scrolls
 e - 4 scrolls of amnesia
 o - a scroll of enchant armour
 x - 2 scrolls of fear
 C - a scroll of fog
 D - 5 scrolls of remove curse
 M - 5 scrolls of magic mapping
 R - 7 scrolls of identify
 U - 4 scrolls of immolation
Potions
 j - a potion of lignification
 k - a potion of agility
 m - 2 potions of magic
 n - a potion of ambrosia
 s - 3 potions of flight
 t - 2 potions of might
 v - a potion of resistance
 w - a potion of invisibility
 B - a potion of mutation {!q}
 G - 3 potions of brilliance
 K - 3 potions of heal wounds
 Q - 11 potions of curing
Books
 c - a book of Battle

   Spells                             Type                      Level
   a - Infusion                       Charms                       1
   b - Shroud of Golubria             Charms/Translocation         2
   c - Song of Slaying                Charms                       2
   d - Spectral Weapon                Hexes/Charms                 3
   e - Regeneration                   Charms/Necromancy            3
 r - a book of Misfortune

   Spells                             Type                      Level
   a - Confusing Touch                Hexes                        1
   b - Confuse                        Hexes                        3
   c - Gell's Gravitas                Translocation                3
   d - Petrify                        Transmutation/Earth          4
   e - Metabolic Englaciation         Hexes/Ice                    5
   f - Yara's Violent Unravelling     Hexes/Transmutation          5
 L - a book of Frost

   Spells                             Type                      Level
   a - Freeze                         Ice                          1
   b - Throw Frost                    Conjuration/Ice              2
   c - Ozocubu's Armour               Charms/Ice                   3
   d - Throw Icicle                   Conjuration/Ice              4
   e - Summon Ice Beast               Ice/Summoning                4
Miscellaneous
 W - 2 sacks of spiders
 X - a phial of floods
Comestibles
 d - 18 bread rations
 f - 6 royal jellies
 z - 12 meat rations
 J - 8 fruits


   Skills:
 - Level 9.1 Fighting
 - Level 8.3 Axes
 - Level 8.8 Armour
 - Level 7.6 Dodging
 - Level 9.0 Shields
 - Level 9.1 Spellcasting
 - Level 5.1 Hexes
 - Level 9.3 Charms
 - Level 4.1 Necromancy
 - Level 6.7 Translocations
 + Level 9.8 Invocations
 - Level 9.0 Evocations


You had 18 spell levels left.
You knew the following spells:

 Your Spells              Type           Power        Failure   Level  Hunger
a - Infusion              Chrm           ####         1%          1    None
h - Shroud of Golubria    Chrm/Tloc      ######....   1%          2    None
x - Confuse               Hex            #####...     4%          3    None
y - Song of Slaying       Chrm           ######..     1%          2    None
R - Regeneration          Chrm/Necr      ######....   2%          3    None
W - Spectral Weapon       Hex/Chrm       ######..     1%          3    None


Dungeon Overview and Level Annotations

Branches:
Dungeon (14/15)            Temple (0/1) D:6            Lair (6/6) D:8
  Swamp (0/4) Lair:3        Snake (0/4) Lair:3        Slime (0/5) Lair:5
    Orc (0/2) D:12
 Vaults: D:13-14

Altars:
Cheibriados
Fedhas
Gozag
Qazlal
Ru
Xom
Yredelemnul
The Shining One
Jiyva

Shops:
D:4 [   D:5 [   D:13 [

Annotations:
D:3 Sigmund
D:7 1 runed door
D:8 1 exclusion
D:14 Rupert
Lair:6 exclusion: oklob plant


Innate Abilities, Weirdness & Mutations

You cannot be hasted, slowed, berserked, paralysed or teleported.
You can dig through walls and to a lower floor.
Your four strong arms can wield two-handed weapons with a shield.
You have a pair of large antennae on your head. (SInv)


Message History

Rupert barely misses you!
The white ugly thing basks in the mutagenic energy from its kin and changes!!!
Unknown command!
You barely miss Rupert!
Rupert is severely wounded!
You barely miss the white ugly thing! You block Rupert'butts attack!
The white ugly butt misses butt!
The white ugly thing gores butt but does no damage!
Unknown command!
You slice Rupert like a ripe choko!
Butt is severely wounded!
You cut the white ugly thing into ribbons!!!!!!
Rupert hits you but does no damage! Rupert hits you but does butt damage!
The white ugly thing gores you!!! * * * don't die
* * * The white ugly thing freezes you!!!
Butt resist! * * * don't die
* * * Butt, then!
You fail to butt your ability!
The brown ugly thing gores you! rip

#.......###
#..###..#
#..# ..#
#.## ...
#.## .##.#
#..# .# .#
#..# #.##.##
#..# .......
#.@##.......
#uu@†)......
#...††......
#..###......
..... .†....
.....#.
.....
#..##.#..
..... ... ..
.. a... .(
... ....


You could see Rupert (berserk) and 2 ugly things.

Vanquished Creatures
  Erolcha (D:12)
  6 hydras
  3 catoblepae (Lair:6)
  A centaur warrior (D:13)
  3 death yaks (Lair:6)
  4 two-headed ogres
  Urug (D:13)
  A hell knight (D:12)
  An unseen horror (D:14)
  4 wizards
  12 ugly things
  An oklob plant (Lair:4)
  A deep elf mage (D:13)
  A salamander (Lair:4)
  2 manticores (Lair:6)
  2 centaur zombies (D:13)
  Joseph (Lair:1)
  6 black mambas
  11 elephants (Lair:5)
  A torpor snail (Lair:3)
  A gargoyle (D:13)
  Psyche (D:9)
  A centaur skeleton (D:11)
  8 spiny frogs
  4 komodo dragons
  3 rime drakes
  4 polar bears
  A troll (D:12)
  3 tyrant leeches (Lair:3)
  Grinder (D:3)
  5 hippogriffs
  7 blink frogs (Lair:3)
  4 dream sheep (Lair:3)
  A shadow (D:13)
  47 yaks
  4 hungry ghosts
  3 wyverns
  A basilisk (Lair:2)
  2 fire bats (Lair:4)
  Edmund (D:4)
  2 hell hounds (D:8)
  A soldier ant (D:12)
  11 water moccasins
  A swamp worm (Lair:3)
  9 porcupines
  12 orc warriors
  9 ice beasts
  2 sky beasts
  2 black bears
  A necrophage (D:7)
  2 ogres
  A phantom (D:9)
  14 wolves
  6 centaurs
  10 crocodiles
  3 big kobolds
  15 bullfrogs
  2 scorpions
  5 wights (D:12)
  19 killer bees
  5 electric eels
  2 howler monkeys
  3 bullfrog zombies
  2 lava snakes (Lair:4)
  7 crimson imps
  10 hounds
  2 jellies
  2 bullfrog skeletons
  8 orc priests
  10 orc wizards
  4 iguanas
  Natasha (thrice) (D:4)
  7 worker ants
  5 hell rats (Lair:3)
  A hound skeleton (D:7)
  2 worker ant zombies
  12 adders
  3 shadow imps
  An adder skeleton (D:9)
  An adder zombie (D:9)
  3 worms
  A dart slug (D:1)
  7 leopard geckos
  50 orcs
  4 ball pythons
  10 bats
  A giant cockroach (D:2)
  7 goblins
  9 hobgoblins
  13 jackals
  24 kobolds
  6 quokkas
  3 frilled lizards
  A rat (D:1)
  A bush (Lair:5)
  5 fungi
  A plant (Lair:6)
  A spectral weapon (D:14)
529 creatures vanquished.

Vanquished Creatures (others)
  An orc knight (D:12)
  An orc warrior (D:12)
  A centaur (D:13)
  A killer bee (D:8)
  An orc wizard (D:8)
  A giant cockroach (D:6)
  6 fungi
  9 plants
  13 spectral weapons
34 creatures vanquished.

Grand Total: 563 creatures vanquished

Notes
Turn   | Place    | Note
-------+----------+-------------------------------------------
     0 | D:1      | Gorglomux the Formicid Skald began the quest for the Orb.
     0 | D:1      | Reached XP level 1. HP: 16/16 MP: 3/3
   271 | D:1      | Reached XP level 2. HP: 23/23 MP: 5/5
   941 | D:2      | Learned a level 2 spell: Song of Slaying
   973 | D:2      | Reached XP level 3. HP: 28/28 MP: 3/6
  1416 | D:2      | Found a snail-covered altar of Cheibriados.
  1575 | D:2      | Became a worshipper of Cheibriados the Contemplative
  1682 | D:2      | Reached XP level 4. HP: 23/34 MP: 4/7
  1686 | D:2      | Learned a level 2 spell: Shroud of Golubria
  2011 | D:3      | Noticed Sigmund
  2050 | D:3      | Noticed Grinder
  2085 | D:3      | Killed Grinder
  2085 | D:3      | Reached skill level 3 in Fighting
  2085 | D:3      | Reached skill level 3 in Axes
  2085 | D:3      | Reached skill level 3 in Armour
  2085 | D:3      | Reached skill level 3 in Dodging
  2085 | D:3      | Reached XP level 5. HP: 26/42 MP: 2/8
  2085 | D:3      | Reached XP level 6. HP: 30/48 MP: 2/9
  2147 | D:3      | Found an opulent altar of Gozag.
  2292 | D:3      | Reached * piety under Cheibriados
  2881 | D:4      | Noticed Edmund
  2920 | D:4      | You fall through a shaft!
  2920 | D:5      | Entered Level 5 of the Dungeon
  3089 | D:5      | Found a glowing drain.
  3265 | Sewer    | Entered a sewer
  3335 | Sewer    | Reached XP level 7. HP: 55/55 MP: 10/10
  3434 | D:5      | Reached ** piety under Cheibriados
  3879 | D:4      | Noticed Natasha
  3883 | D:4      | Killed Natasha
  3978 | D:4      | Noticed Natasha
  3984 | D:4      | Killed Natasha
  4073 | D:4      | Found Moduqohu's Antique Armour Emporium.
  4079 | D:4      | Bought a shiny chain mail for 180 gold pieces
  4129 | D:4      | Reached XP level 8. HP: 45/61 MP: 11/11
  4356 | D:4      | Killed Edmund
  4377 | D:4      | Noticed Natasha
  4383 | D:4      | Killed Natasha
  4600 | D:5      | Found a sacrificial altar of Ru.
  4600 | D:5      | Found a stormy altar of Qazlal.
  4602 | D:5      | Found a glowing golden altar of the Shining One.
  4602 | D:5      | Found a shimmering altar of Xom.
  4770 | D:5      | Reached *** piety under Cheibriados
  5097 | D:5      | Found Baipiy's Antique Armour Shoppe.
  5371 | D:6      | Reached skill level 6 in Fighting
  5377 | D:6      | Reached XP level 9. HP: 52/69 MP: 5/12
  5617 | D:6      | Found a staircase to the Ecumenical Temple.
  6036 | D:7      | Reached **** piety under Cheibriados
  6274 | D:7      | Reached skill level 6 in Armour
  6330 | D:7      | Reached skill level 6 in Axes
  6986 | D:7      | Found a runed door.
  7195 | D:7      | Found a basalt altar of Yredelemnul.
  7763 | D:7      | Found a blossoming altar of Fedhas.
  7998 | D:8      | Noticed a two-headed ogre
  8010 | D:8      | You fall through a shaft for 3 floors!
  8192 | D:11     | Reached skill level 6 in Dodging
  8212 | D:11     | Reached XP level 10. HP: 51/79 MP: 11/13
  8600 | D:11     | Reached ***** piety under Cheibriados
  9109 | D:11     | Noticed a green ugly thing
  9126 | D:11     | Killed a green ugly thing
  9357 | D:10     | Entered Level 10 of the Dungeon
  9614 | D:10     | Noticed a two-headed ogre
  9620 | D:10     | Killed a two-headed ogre
 10134 | D:9      | Noticed Psyche
 10239 | D:9      | Upgraded the game from 0.21-a0-476-gd103f4b to 0.21-a0-496-g696f58f
 10251 | D:9      | Reached XP level 11. HP: 79/87 MP: 10/14
 10335 | D:9      | Reached skill level 9 in Fighting
 10626 | D:8      | Reached ****** piety under Cheibriados
 10649 | D:8      | Found a staircase to the Lair.
 10755 | D:8      | Reached skill level 1 in Invocations
 10755 | D:8      | Reached skill level 1 in Evocations
 10763 | D:8      | Found a shimmering altar of Xom.
 10782 | D:8      | Killed a two-headed ogre
 10782 | D:8      | Reached skill level 3 in Spellcasting
 10782 | D:8      | Reached skill level 1 in Translocations
 11502 | D:9      | Killed Psyche
 12096 | D:10     | Reached skill level 1 in Shields
 12528 | D:11     | Reached skill level 3 in Invocations
 13159 | D:12     | Reached skill level 3 in Evocations
 13174 | D:12     | Found a staircase to the Orcish Mines.
 13805 | D:12     | Noticed Erolcha
 13810 | D:12     | Killed Erolcha
 13810 | D:12     | Reached skill level 3 in Shields
 13810 | D:12     | Reached skill level 3 in Translocations
 13810 | D:12     | Reached XP level 12. HP: 70/95 MP: 18/18
 14955 | Lair:1   | Entered Level 1 of the Lair of Beasts
 15146 | Lair:1   | Noticed Joseph
 15159 | Lair:1   | Killed Joseph
 16169 | Lair:2   | Learned a level 3 spell: Regeneration
 16173 | Lair:2   | Learned a level 3 spell: Spectral Weapon
 16177 | Lair:2   | Learned a level 3 spell: Confuse
 16499 | Lair:2   | Reached skill level 6 in Invocations
 16626 | Lair:2   | Reached skill level 6 in Charms
 16847 | Lair:2   | You fall through a shaft for 2 floors!
 16888 | Lair:4   | Noticed an eight-headed hydra
 17060 | Lair:4   | Reached XP level 13. HP: 49/101 MP: 21/21
 17481 | Lair:3   | Noticed a six-headed hydra
 17491 | Lair:3   | Killed a six-headed hydra
 17491 | Lair:3   | Reached skill level 6 in Spellcasting
 17575 | Lair:3   | Reached skill level 6 in Evocations
 17593 | Lair:3   | Reached skill level 6 in Shields
 17998 | Lair:3   | Found a staircase to the Snake Pit.
 18331 | Lair:3   | Found a staircase to the Swamp.
 19892 | Lair:4   | Killed an eight-headed hydra
 20444 | Lair:5   | Noticed a four-headed hydra
 20456 | Lair:5   | Killed a four-headed hydra
 20465 | Lair:5   | Reached skill level 6 in Translocations
 20475 | Lair:5   | Got a translucent iron ring
 20477 | Lair:5   | Identified the ring of Emuxtim {rC+ MR+ Dex+3 SInv} (You found it on level 5 of the Lair of Beasts)
 21250 | Lair:5   | Found a viscous altar of Jiyva.
 21250 | Lair:5   | Found a staircase to the Slime Pits.
 21357 | Lair:5   | Reached XP level 14. HP: 43/108 MP: 22/25
 21360 | Lair:5   | HP: 3/108 [komodo dragon (7)]
 22558 | Lair:6   | Entered Level 6 of the Lair of Beasts
 23163 | Lair:6   | Reached skill level 1 in Hexes
 23181 | Lair:6   | Reached skill level 1 in Necromancy
 23810 | Lair:6   | Reached skill level 9 in Shields
 23812 | Lair:6   | Reached skill level 3 in Hexes
 24141 | Lair:6   | Reached skill level 9 in Evocations
 24943 | D:13     | Reached skill level 3 in Necromancy
 24984 | D:13     | Reached skill level 9 in Charms
 25039 | D:13     | Found Wemueteh's Antique Armour Shop.
 25280 | D:13     | Reached skill level 9 in Spellcasting
 25286 | D:13     | Reached XP level 15. HP: 63/113 MP: 23/28
 25534 | D:13     | Noticed Urug
 25551 | D:13     | Killed Urug
 26036 | D:14     | Noticed Rupert
 26044 | D:14     | Reached skill level 9 in Invocations
 26051 | D:14     | Slain by a brown ugly thing

Vault maps used:
D:1:      minmay_arrival_open_corners
D:2:      lemuel_doored_altar
D:3:      grunt_gozag_statues, uniq_grinder, uniq_sigmund
D:4:      serial_shops, shop, first_bread, uniq_edmund, uniq_natasha
D:5:      chequers_temple_overflow_statue_of_worship,
          cheibrodos_sewer_entry_sluice, serial_shops, kennysheep_mini
D:6:      lemuel_temple_firewalk_b
D:7:      lemuel_coloured_pillars_altar, grunt_ogre_cave, dk_yredelemnul_ordeal
D:8:      minmay_lair_entry_lava, basic_altar
D:9:      uniq_psyche
D:11:     kennysheep_path_1, grunt_ministairs_5
D:12:     david_orc_2, lightli_minifort, uniq_erolcha
D:13:     serial_shops, shop_statue, sword_in_stone
D:14:     lightli_vaults_fourway_checkpoint, minmay_misc_feat_iff, nrook_uturn,
          hangedman_incinerator, uniq_rupert, uniq_nessos
Lair:1:   portal_ice_cave_entry_ice_beasts, infiniplex_staircase_pool,
          grunt_megastairs_4, uniq_joseph
Lair:2:   grunt_megastairs_5
Lair:3:   minmay_swamp_entry_worms, dummy_snake_entry
Lair:5:   slime_altar_1, grunt_megastairs_1, serial_bayou_shore_a
Lair:6:   evilmike_catoblepas_cave, minivault_24, minmay_lair_oklob_chamber
Sewer:    sewer_big_baddie

Skill      XL: |  1  2  3  4  5  6  7  8  9 10 11 12 13 14 15 |
---------------+----------------------------------------------+-----
Dodging        | 2 3 4 5 6 7 |  7.6
Armour         | 2 3 4 5 7 8 |  8.8
Fighting       | 3 4 6 7 8 9 |  9.1
Axes           | 3 4 5 6 8 |  8.3
Invocations    | 4 6 7 9 |  9.8
Evocations     | 3 5 7 9 |  9.0
Spellcasting   | 4 5 7 9 |  9.1
Translocations | 3 4 6 |  6.7
Shields        | 3 5 7 9 |  9.0
Charms         | 4 6 7 9 |  9.3
Hexes          | 4 5 |  5.1
Necromancy     | 3 4 |  4.1

Action                   |  1- 3 |  4- 6 |  7- 9 | 10-12 | 13-15 || total
-------------------------+-------+-------+-------+-------+-------++-------
Melee: Hand axe          |   108 |   243 |       |       |       ||   351
       War axe           |       |    23 |   388 |   464 |       ||   875
       Battleaxe         |       |       |       |   253 |   544 ||   797
       Morningstar       |       |       |       |       |    56 ||    56
 Cast: Infusion          |     5 |     5 |     2 |    16 |       ||    28
       Song of Slaying   |     1 |       |       |       |     7 ||     8
       Shroud of Golubri |       |     3 |       |     6 |    10 ||    19
       Spectral Weapon   |       |       |       |       |    23 ||    23
       Regeneration      |       |       |       |       |     7 ||     7
       Confuse           |       |       |       |       |     5 ||     5
Invok: Slouch            |       |       |       |       |     3 ||     3
 Abil: Dig               |     1 |     4 |     6 |    22 |     2 ||    35
       Shaft Self        |       |     1 |     1 |       |       ||     2
Evoke: Wand              |       |     1 |     1 |    22 |    11 ||    35
  Use: Potion            |       |     6 |     1 |     2 |     2 ||    11
       Scroll            |       |     1 |     5 |     7 |     4 ||    17
 Stab: Distracted        |       |       |       |       |     4 ||     4
       Confused          |       |       |       |       |     2 ||     2
  Eat: Chunk             |     3 |     5 |    13 |    18 |    17 ||    56
       Royal jelly       |       |       |       |     2 |       ||     2
Armor: Leather armour    |    36 |    58 |    11 |       |       ||   105
       Skin              |       |    27 |     6 |    21 |       ||    54
       Chain mail        |       |       |   190 |   227 |   241 ||   658
Dodge: Dodged            |    82 |   206 |   265 |   459 |   467 ||  1479
Block: Other             |       |       |    43 |    45 |       ||    88
       Reflection        |       |       |     1 |     7 |     9 ||    17
       Shield            |       |       |       |   375 |   773 ||  1148

Table legend:
 A = Spawn XP
 B = Non-spawn XP
 C = Spawn XP percentage of total XP
 D = Spawn monster count
 E = Non-spawn monster count
 F = Spawn count percentage of total count
 G = Total turns spent on level
                    A         B        C        D         E        F      G
               +---------+---------+-------+---------+---------+-------+---------
         Total |       0 |   84663 |   0.0 |       0 |     522 |   0.0 | 26051
               +---------+---------+-------+---------+---------+-------+---------
           D:1 |       0 |      20 |   0.0 |       0 |      11 |   0.0 |   861
           D:2 |       0 |      58 |   0.0 |       0 |      26 |   0.0 |  1180
           D:3 |       0 |     343 |   0.0 |       0 |      13 |   0.0 |   687
           D:4 |       0 |     601 |   0.0 |       0 |      25 |   0.0 |  1051
           D:5 |       0 |     667 |   0.0 |       0 |      19 |   0.0 |  1367
           D:6 |       0 |     321 |   0.0 |       0 |      17 |   0.0 |   729
           D:7 |       0 |    1116 |   0.0 |       0 |      19 |   0.0 |  1907
           D:8 |       0 |    2450 |   0.0 |       0 |      47 |   0.0 |  1322
           D:9 |       0 |    1115 |   0.0 |       0 |      15 |   0.0 |   886
          D:10 |       0 |    2007 |   0.0 |       0 |      22 |   0.0 |  1176
          D:11 |       0 |    3893 |   0.0 |       0 |      36 |   0.0 |  2103
          D:12 |       0 |    5260 |   0.0 |       0 |      41 |   0.0 |  1975
          D:13 |       0 |   11465 |   0.0 |       0 |      36 |   0.0 |   890
          D:14 |       0 |    6692 |   0.0 |       0 |      13 |   0.0 |    40
        Lair:1 |       0 |    4558 |   0.0 |       0 |      23 |   0.0 |  1226
        Lair:2 |       0 |    3421 |   0.0 |       0 |      20 |   0.0 |   862
        Lair:3 |       0 |    7838 |   0.0 |       0 |      36 |   0.0 |  1704
        Lair:4 |       0 |    5845 |   0.0 |       0 |      23 |   0.0 |  1777
        Lair:5 |       0 |   11544 |   0.0 |       0 |      31 |   0.0 |  2420
        Lair:6 |       0 |   15332 |   0.0 |       0 |      43 |   0.0 |  1766
         Sewer |       0 |     117 |   0.0 |       0 |       6 |   0.0 |   122
               +---------+---------+-------+---------+---------+-------+---------
